 Dungeon Crawl Stone Soup version 0.28.0 (webtiles) character file.

Game seed: 2445815957944144126

99 wat the Skirmisher (level 4, -1/38 HPs)
             Began as a Barachi Fighter on Feb 10, 2022.
             Succumbed to an orc wizard's poison
             ... on level 4 of the Dungeon.
             The game lasted 00:03:38 (3071 turns).

wat the Skirmisher (Barachi Fighter)                Turns: 3071, Time: 00:03:39

Health: -1/38      AC:  8    Str: 19    XL:     4   Next: 72%
Magic:  4/4        EV:  9    Int:  8    God:
Gold:   93         SH:  0    Dex: 12    Spells: 2/3 levels left

rFire   . . .      SeeInvis .   g - +1 short sword (vamp)
rCold   . . .      Faith    .   c - +0 buckler
rNeg    . . .      Spirit   .   b - +0 scale mail
rPois   .          Reflect  .   k - +0 helmet
rElec   .          Harm     .   (no cloak)
rCorr   .          Rampage  .   (no gloves)
Will    .....                   (no boots)
Stlth   ..........              (no amulet)
HPRegen 0.12/turn               (no ring)
MPRegen 0.09/turn               (no ring)

@: confused, lethally poisoned (-1 -> -31), hasted, quick
A: amphibious, slowness 1, strong legs 1, +LOS
a: Hop


You were on level 4 of the Dungeon.
You visited 1 branch of the dungeon, and saw 4 of its levels.

You collected 93 gold pieces.

Inventory:

Hand Weapons
 a - a +0 long sword
 g - a +1 vampiric short sword (weapon)
Armour
 b - a +0 scale mail (worn)
 c - a +0 buckler (worn)
 k - a +0 helmet (worn)
Scrolls
 e - a scroll of enchant armour {unknown}
 f - a scroll of brand weapon {unknown}
 i - a scroll of vulnerability {unknown}
 j - a scroll of identify {unknown}
Potions
 d - a potion of might
 h - a potion of haste


   Skills:
 + Level 4.4 Fighting
 + Level 3.4 Long Blades
 + Level 4.4 Armour
 + Level 4.0 Shields
 + Level 0.3 Spellcasting
 + Level 0.4 Summonings


You had 2 spell levels left.
You knew the following spells:

 Your Spells              Type           Power      Damage    Failure   Level
a - Summon Small Mammal   Summ           0%         N/A       80%         1

Your spell library contained the following spells:

 Spells                   Type           Power      Damage    Failure   Level
 Call Canine Familiar     Summ           0%         N/A       99%         3
 Portal Projectile        Hex/Tloc       0%         N/A       99%         3
 Summon Guardian Golem    Hex/Summ       0%         N/A       99%         3
 Leda's Liquefaction      Hex/Erth       0%         N/A       100%        4


Dungeon Overview and Level Annotations

Branches:
Dungeon (4/15)
 Temple: D:4-7

Altars:


Innate Abilities, Weirdness & Mutations

You are amphibious.
You cover ground slowly.
You can hop short distances.
You have an extended range of vision and can be seen from far away.


Message History

You barely miss the orc.
The orc is lightly wounded.
An adder comes into view.
The orc completely misses you.
You closely miss the orc.
The orc is lightly wounded.
The orc priest mumbles some strange prayers to Beogh against you.
Beogh smites you!
You closely miss the orc wizard. You hit the orc wizard.
You feel better.
The orc wizard is lightly wounded.
The orc wizard hits you with a +0 dagger of venom.
You are poisoned.
An orc comes into view. It is wielding a +0 hand axe.
You barely miss the orc wizard.
The orc wizard is lightly wounded.
You feel sick.
The orc shouts!
The orc wizard gestures at you while chanting.
You are confused.
You hit the orc wizard but do no damage.
The orc wizard is lightly wounded.
You feel sick.
The orc wizard hits you but does no damage.
You are more poisoned.
You miss the orc wizard.
The orc wizard is lightly wounded.
You feel very sick.
The orc wizard hits you but does no damage.
You are lethally poisoned!
The orc priest looks braver for a moment.
You bump into the rock wall.
You feel very sick.
The orc wizard hits you but does no damage.
You are more poisoned.
The orc priest calls down the wrath of Beogh upon you.
Beogh smites you!
* * * LOW HITPOINT WARNING * * *
You feel yourself speed up.
You die...

. #. #. # ##.#
#.#..o# #.....o
#.....?
#....o.########.#
#....ooo@...$...#
#################


You could see an orc priest, an orc wizard and 2 orcs.

Vanquished Creatures
  An orc wizard (D:3)
  3 adders
  A worm (D:2)
  A dart slug (D:2)
  4 orcs (D:3)
  4 endoplasms
  A giant cockroach (D:3)
  2 goblins (D:2)
  6 hobgoblins
  2 kobolds (D:2)
  4 quokkas
  2 ball pythons
  3 frilled lizards
  5 rats
39 creatures vanquished.

Notes
Turn   | Place    | Note
-------+----------+-------------------------------------------
     0 | D:1      | wat the Barachi Fighter began the quest for the Orb.
     0 | D:1      | Reached XP level 1. HP: 18/18 MP: 1/1
   359 | D:2      | Reached XP level 2. HP: 25/25 MP: 2/2
   479 | D:2      | Reached XP level 3. HP: 13/30 MP: 3/3
  1867 | D:3      | Reached XP level 4. HP: 27/37 MP: 4/4
  2193 | D:3      | Learned a level 1 spell: Summon Small Mammal
  2380 | D:3      | HP: 1/38 [something/puff of flame (6)]
  3071 | D:4      | Succumbed to an orc wizard's poison

Illustrated notes

Levels and vault maps discovered:
D:1:      wander_arrival_lonely_grave, layout_rooms,
          nicolae_ecumenical_snake_handling, st_stairs_2
D:2:      layout_basic
D:3:      layout_basic, grunt_ministairs_14
D:4:      layout_loops_ring, kennysheep_generic_room_2, uniq_grinder

Skill      XL: |  1  2  3  4 |
---------------+-------------+-----
Armour         | 4 |  4.4
Fighting       | 4 |  4.4
Long Blades    | 3 |  3.4
Shields        | 4 |  4.0
Spellcasting   | |  0.3
Summonings     | |  0.4

Action                   |  1- 3 |  4- 6 || total
-------------------------+-------+-------++-------
Melee: Long sword        |    88 |    30 ||   118
       Short sword       |       |    33 ||    33
 Abil: Hop               |     1 |     1 ||     2
  Use: Potion            |       |     3 ||     3
Armor: Scale mail        |    53 |    25 ||    78
Dodge: Dodged            |    55 |    12 ||    67
Block: Buckler           |    26 |    13 ||    39
